 Dungeon Sprint DCSS version 0.22-a0-558-gc224181 (webtiles) character file.

542759 raistware the End of an Era (level 22, 212/212 HPs)
             Began as a Formicid Fighter on June 27, 2018.
             Was the Champion of Qazlal.
             Escaped with the Orb!
             The game lasted 01:11:36 (7602 turns).

raistware the End of an Era (Formicid Fighter)      Turns: 7602, Time: 01:11:37

Health: 212/212    AC: 46    Str: 34    XL:     22   Next: 36%
Magic:  35/49      EV: 22    Int: 17    God:    Qazlal [******]
Gold:   0          SH: 42    Dex: 13    Spells: 56/68 levels left

rFire    + + +     SeeInvis +   K - +17 lance "Wyrmbane" {slay drac, rPois rF+ rC+ AC+3}
rCold    + + +     Gourm    .   J - +18 shield of the Gong {rElec rN+ MR+ EV-5}
rNeg     + . .     Faith    .   m - +5 gold dragon scales
rPois    +         Spirit   .   (helmet unavailable)
rElec    +         Reflect  .   N - +2 cloak {MR+}
rCorr    .         Harm     .   (no gloves)
MR       ++++.                  T - +4 pair of boots of Zefuri {rC+ Int+3}
Stlth    ..........             c - amulet of regeneration
HPRegen  0.85/turn              h - ring of Nunn {rF+ EV+4 Str+4}
MPRegen  0.31/turn              D - ring of the Octopus King {rF+ AC+1 EV+1 Str+1 Int+1 Dex+1}

@: brilliant, studying Crossbows, repel missiles
A: permanent stasis, dig shafts and tunnels, four strong arms, antennae 3, agile
1, weak 1, MP-powered wands
0: Orb of Zot
a: Dig, Upheaval, Elemental Force, Disaster Area, Renounce Religion


You escaped.
You worshipped Qazlal.
Qazlal was exalted by your worship.
You were not hungry.

You visited 1 branch

Inventory:

Hand Weapons
 o - a +9 bardiche of electrocution
 K - the +17 lance "Wyrmbane" (weapon) {slay drac, rPois rF+ rC+ AC+3}
   (You found it in the Dungeon)

   It affects your AC (+3).
   It protects you from fire.
   It protects you from cold.
   It protects you from poison.
Armour
 l - the +3 warlock's mirror {reflect}
   (You took it off a necromancer in the Dungeon)
 m - +5 gold dragon scales (worn)
 J - the +18 shield of the Gong (worn) {rElec rN+ MR+ EV-5}
   (You found it in the Dungeon)

   It affects your evasion (-5).
   It insulates you from electricity.
   It protects you from negative energy.
   It affects your resistance to hostile enchantments.
 N - a +2 cloak of magic resistance (worn)
 T - the +4 pair of boots of Zefuri (worn) {rC+ Int+3}
   (You found it in the Dungeon)

   It affects your intelligence (+3).
   It protects you from cold.
Jewellery
 c - an amulet of regeneration (around neck)
 h - the ring of Nunn (left hand) {rF+ EV+4 Str+4}
   (You found it in the Dungeon)

   [ring of evasion]

   It affects your evasion (+4).
   It affects your strength (+4).
   It protects you from fire.
 p - the amulet of Ybricre {Reflect MR+ SH+3}
   (You found it in the Dungeon)

   [amulet of reflection]

   It shields you and reflects attacks.
   It affects your resistance to hostile enchantments.
   It affects your SH (+3).
 D - a ring of the Octopus King (right hand) {rF+ AC+1 EV+1 Str+1 Int+1 Dex+1}
   (You took it off a deep elf knight in the Dungeon)

   [ring of protection from fire]

   It affects your AC (+1).
   It affects your evasion (+1).
   It affects your strength (+1).
   It affects your intelligence (+1).
   It affects your dexterity (+1).
   It protects you from fire.
 G - the ring of Nobility {Str+8 SInv Stlth+}
   (You took it off a wight in the Dungeon)

   [ring of see invisible]

   It affects your strength (+8).
   It lets you see invisible.
   It makes you more stealthy.
 O - the amulet of Departure {RegenMP rF++ rN+ MR-}
   (You took it off a deep elf blademaster in the Dungeon)

   [amulet of magic regeneration]

   It increases your magic regeneration.
   It greatly protects you from fire.
   It protects you from negative energy.
   It affects your resistance to hostile enchantments.
 Q - the amulet of the Four Winds {rN+ MR+++ Clar}
   (You found it in the Dungeon)

   [amulet of nothing]

   It protects you from negative energy.
   It affects your resistance to hostile enchantments.
   It protects you against confusion.
 R - the amulet "Tuid Rae" {rPois Regen+ Int+7 Slay-4 Stlth+}
   (You took it off a spriggan druid in the Dungeon)

   [amulet of regeneration]

   It affects your intelligence (+7).
   It affects your accuracy and damage with ranged weapons and melee attacks
   (-4).
   It protects you from poison.
   It increases your rate of regeneration.
   It makes you more stealthy.
 V - the ring of Brilliance {rF+ MP+9 Str+4 Dex+4}
   (You took it off a deep elf archer in the Dungeon)

   [ring of magical power]

   It affects your strength (+4).
   It affects your dexterity (+4).
   It protects you from fire.
   It affects your magic capacity (+9).
 X - the ring "Loloaq" {rPois rN+ AC+5 Str+4 Stlth-}
   (You found it in the Dungeon)

   [ring of protection]

   It affects your AC (+5).
   It affects your strength (+4).
   It protects you from poison.
   It protects you from negative energy.
   It makes you less stealthy.
Wands
 y - a wand of disintegration (7)
 z - a wand of iceblast (7)
 B - a wand of acid (7)
 P - a wand of flame (37)
 W - a wand of clouds (5)
Scrolls
 a - 4 scrolls of amnesia
 b - 5 scrolls of brand weapon
 q - 8 scrolls of fog
 r - 2 scrolls of holy word
 s - 5 scrolls of identify
 t - 5 scrolls of remove curse
 u - 2 scrolls of fear
 Y - 4 scrolls of enchant weapon
Potions
 d - 9 potions of might
 e - 10 potions of curing
 g - 10 potions of heal wounds
 i - 6 potions of magic
 v - a potion of brilliance
 w - 2 potions of invisibility
 x - 2 potions of resistance
 A - 5 potions of agility
Books
 E - a manual of Crossbows
Miscellaneous
 k - 11 boxes of beasts
 n - 9 phantom mirrors
 I - a lightning rod (4/4)
 L - a lamp of fire
 S - 6 sacks of spiders
 U - a phial of floods
 Z - a fan of gales
Comestibles
 f - 2 rations


   Skills:
 O Level 27 Fighting
   Level 13.7(20.9) Axes
 - Level 25.1(26.0) Polearms
   Level 14.0 Bows
 - Level 10.9 Crossbows
 - Level 5.7 Throwing
 O Level 27 Armour
 O Level 27 Dodging
 - Level 16.6 Shields
 - Level 5.6 Unarmed Combat
 * Level 23.6 Spellcasting
 - Level 6.8 Charms
 - Level 6.9 Necromancy
 + Level 20.9 Earth Magic
 O Level 27 Invocations
 O Level 27 Evocations


You had 56 spell levels left.
You knew the following spells:

 Your Spells              Type           Power        Failure   Level  Hunger
a - Regeneration          Chrm/Necr      ######....   1%          3    None
b - Shatter               Erth           #######...   17%         9    #######

Your spell library contained the following spells:

 Spells                   Type           Power        Failure   Level  Hunger
 Cause Fear               Hex            ####......   11%         4    None
 Magic Dart               Conj           ####         1%          1    None
 Fireball                 Conj/Fire      ####......   26%         5    None
 Apportation              Tloc           ####..       1%          1    None
 Conjure Flame            Conj/Fire      ####....     3%          3    None
 Bolt of Fire             Conj/Fire      ####......   73%         6    ####...
 Bolt of Cold             Conj/Ice       ####......   73%         6    ####...
 Lightning Bolt           Conj/Air       ####......   26%         5    None
 Bolt of Magma            Conj/Fire/Erth ######....   1%          5    None
 Slow                     Hex            ####....     1%          2    None
 Confuse                  Hex            ####....     3%          3    None
 Invisibility             Hex            ####....     73%         6    ####...
 Throw Flame              Conj/Fire      ####..       1%          2    None
 Throw Frost              Conj/Ice       ####..       1%          2    None
 Controlled Blink         Tloc           N/A          100%        8    #######
 Freezing Cloud           Conj/Ice/Air   ####......   73%         6    ####...
 Mephitic Cloud           Conj/Pois/Air  ####....     3%          3    None
 Ring of Flames           Chrm/Fire      #####.....   80%         7    #####..
 Venom Bolt               Conj/Pois      ####......   26%         5    None
 Olgreb's Toxic Radiance  Pois           ####....     11%         4    None
 Teleport Other           Tloc           ####....     3%          3    None
 Summon Small Mammal      Summ           ####         1%          1    None
 Bolt of Draining         Conj/Necr      #####.....   7%          5    None
 Blink                    Tloc           N/A          1%          2    None
 Iskenderun's Mystic Bla  Conj           ####....     11%         4    None
 Summon Horrible Things   Summ           ####......   100%        8    #######
 Animate Dead             Necr           N/A          1%          4    None
 Pain                     Necr           ####         1%          1    None
 Animate Skeleton         Necr           N/A          1%          1    None
 Vampiric Draining        Necr           ######....   1%          3    None
 Freeze                   Ice            ####         1%          1    None
 Ozocubu's Refrigeration  Ice            ####......   73%         6    ####...
 Sticky Flame             Conj/Fire      ####....     11%         4    None
 Summon Ice Beast         Ice/Summ       ####....     11%         4    None
 Ozocubu's Armour         Chrm/Ice       #####...     1%          3    None
 Call Imp                 Summ           ####....     1%          2    None
 Dispel Undead            Necr           ######..     1%          5    None
 Sting                    Conj/Pois      ####         1%          1    None
 Sublimation of Blood     Necr           ######....   1%          2    None
 Tukima's Dance           Hex            ####....     3%          3    None
 Summon Demon             Summ           ####......   26%         5    None
 Summon Greater Demon     Summ           ####......   99%         7    #####..
 Corpse Rot               Necr           N/A          1%          2    None
 Iron Shot                Conj/Erth      ######....   2%          6    ####...
 Stone Arrow              Conj/Erth      ######       1%          3    None
 Shock                    Conj/Air       ####         1%          1    None
 Swiftness                Chrm/Air       #####...     1%          2    None
 Recall                   Summ/Tloc      N/A          3%          3    None
 Agony                    Necr           ######..     1%          5    None
 Spider Form              Tmut/Pois      ####......   3%          3    None
 Blade Hands              Tmut           ####......   26%         5    None
 Statue Form              Tmut/Erth      ######...    2%          6    ####...
 Ice Form                 Ice/Tmut       ####....     11%         4    None
 Dragon Form              Tmut           ####......   99%         7    #####..
 Death Channel            Necr           ######....   10%         6    ####...
 Deflect Missiles         Chrm/Air       #####.....   32%         6    ####...
 Throw Icicle             Conj/Ice       ####....     11%         4    None
 Airstrike                Air            ####......   11%         4    None
 Shadow Creatures         Summ           N/A          73%         6    ####...
 Confusing Touch          Hex            ####..       1%          1    None
 Flame Tongue             Conj/Fire      ####.        1%          1    None
 Passwall                 Tmut/Erth      ######..     1%          2    None
 Ignite Poison            Fire/Tmut/Pois ####....     3%          3    None
 Sticks to Snakes         Tmut           ####....     1%          2    None
 Call Canine Familiar     Summ           ####....     3%          3    None
 Ensorcelled Hibernation  Hex/Ice        ####..       1%          2    None
 Metabolic Englaciation   Hex/Ice        ####......   26%         5    None
 Summon Butterflies       Summ           ####....     1%          1    None
 Silence                  Hex/Air        ####......   26%         5    None
 Dispersal                Tloc           ####......   73%         6    ####...
 Static Discharge         Conj/Air       ####....     3%          3    None
 Corona                   Hex            ####...      1%          1    None
 Alistair's Intoxication  Tmut/Pois      ####....     26%         5    None
 Lee's Rapid Deconstruct  Erth           #######...   1%          5    None
 Sandblast                Erth           ######       0%          1    None
 Simulacrum               Ice/Necr       #####.....   32%         6    ####...
 Conjure Ball Lightning   Conj/Air       ####......   73%         6    ####...
 Excruciating Wounds      Chrm/Necr      ######....   1%          5    None
 Portal Projectile        Hex/Tloc       ####..       3%          3    None
 Monstrous Menagerie      Summ           ####......   99%         7    #####..
 Petrify                  Tmut/Erth      ######..     1%          4    None
 Passage of Golubria      Tloc           N/A          11%         4    None
 Orb of Destruction       Conj           ####......   99%         7    #####..
 Malign Gateway           Summ/Tloc      ####......   99%         7    #####..
 Tornado                  Air            ####......   100%        9    #######
 Leda's Liquefaction      Hex/Erth       ######....   1%          4    None
 Summon Hydra             Summ           ####......   99%         7    #####..
 Darkness                 Hex            ####......   73%         6    ####...
 Inner Flame              Hex/Fire       ####....     3%          3    None
 Aura of Abjuration       Summ           ####......   26%         5    None
 Beastly Appendage        Tmut           ####..       1%          1    None
 Disjunction              Tloc           ####......   100%        8    #######
 Iskenderun's Battlesphe  Conj/Chrm      #####...     7%          5    None
 Fulminant Prism          Conj/Hex       ####......   11%         4    None
 Dazzling Spray           Conj/Hex       ####..       3%          3    None
 Force Lance              Conj/Tloc      ####....     11%         4    None
 Infusion                 Chrm           ####         1%          1    None
 Searing Ray              Conj           ####..       1%          2    None
 Discord                  Hex            ####......   100%        8    #######
 Summon Forest            Summ/Tloc      ####......   26%         5    None
 Summon Lightning Spire   Summ/Air       ####....     11%         4    None
 Summon Guardian Golem    Hex/Summ       ####....     3%          3    None
 Dragon's Call            Summ           ####......   100%        9    #######
 Spellforged Servitor     Conj/Summ      ####......   99%         7    #####..
 Summon Mana Viper        Hex/Summ       ####....     26%         5    None
 Hydra Form               Tmut           ####......   73%         6    ####...
 Irradiate                Conj/Tmut      ####......   26%         5    None
 Gell's Gravitas          Tloc           ####......   3%          3    None
 Yara's Violent Unravell  Hex/Tmut       ####......   26%         5    None
 Lesser Beckoning         Tloc           ####......   3%          3    None
 Poisonous Vapours        Pois/Air       ####..       1%          2    None
 Ignition                 Fire           ####......   100%        8    #######
 Borgnjor's Vile Clutch   Necr/Erth      ######....   1%          5    None


Dungeon Overview and Level Annotations

Branches:
Dungeon (1/1)

Altars:
Ashenzari
Cheibriados
Dithmenos
Elyvilon
Fedhas
Gozag
Hepliaklqana
Kikubaaqudgha
Makhleb
Nemelex Xobeh
Okawaru
Qazlal
Ru
Sif Muna
Trog
Uskayaw
Vehumet
Wu Jian
Xom
Yredelemnul
Zin
The Shining One
Beogh
Jiyva
Lugonu


Innate Abilities, Weirdness & Mutations

You cannot be hasted, slowed, berserked, paralysed or teleported.
You can dig through walls and to a lower floor.
Your four strong arms can wield two-handed weapons with a shield.
You have a pair of large antennae on your head. (SInv)
You are agile. (Dex +2)
You are weak. (Str -2)
You expend magic power (3 MP) to strengthen your wands.


Message History

The dungeon rumbles!
There is a transporter landing site here.
You see here a trident.
There is a staircase leading out of the dungeon here.
You see here an uncursed ring of protection from fire.
There is a staircase leading out of the dungeon here.
You see here an uncursed ring of protection from fire.
You start resting.
You sense a monster nearby.
You extend your mandibles.
You can't dig through that.
You extend your mandibles.
You can't dig through that.
There is a staircase leading out of the dungeon here.
You see here an uncursed ring of protection from fire.
You can't go down here!
There is a staircase leading out of the dungeon here.
You see here an uncursed ring of protection from fire.
You can't go down here!
You have escaped!

...†.)......▓..▓...{.{.▓..▓..{8©8
............▓.▓.▓.{{{{▓.▓.▓..[|=.
.........{..▓..▓{.{{...▓.†▓...[.)
....††.....{▓..{.{{.....†.▓......
............▓......©{..†{.▓......
............▓▓▓▓▓▓▓▓▓▓▓▓▓▓▓..{...
▓.......▓...▓8888.........▓......
▓▓.†...▓▓▓..▓8....§.......▓..▓...
▓.......▓...▓8.§@§)...©...▓.▓....
....†.....{.▓8...§§.......▓...{©.
....©.....{.▓8888.........▓▓▓▓▓▓▓
▓▓▓▓▓▓▓▓▓▓▓▓▓▓▓▓▓▓▓▓▓▓▓▓▓▓▓▓▓▓▓▓▓
.....8©8........▓..{{.{..8{8)..).
.|.})..))[[)):[.▓.){}{).†="=|....
.....|}=.|.{.)|.▓{)})[})))..|....
}.}[...}}|:.:.{.▓.)}{{})|.:......
................▓...{..).).......


There were no monsters in sight!

Vanquished Creatures
  3 orbs of fire (D)
  A juggernaut (shapeshifter) (D)
  An ancient lich (D)
  2 shard shrikes (shapeshifter) (D)
  3 pandemonium lords (D)
  4 caustic shrikes (shapeshifter) (D)
  4 golden dragons (D)
  2 golden dragons (shapeshifter) (D)
  A Brimstone Fiend (D)
  9 Orb Guardians (D)
  4 liches (D)
  5 quicksilver dragons (D)
  A quicksilver dragon (shapeshifter) (D)
  3 deep elf blademasters (D)
  2 deep elf master archers (D)
  14 titans (D)
  2 acid blobs (shapeshifter) (D)
  Gastronok (D)
  2 sphinxes (shapeshifter) (D)
  A titan (shapeshifter) (D)
  Frances (D)
  Agnes (D)
  A thorn hunter (D)
  8 shadow dragons (D)
  5 nagarajas (D)
  14 fire giants (D)
  A frost giant (shapeshifter) (D)
  An iron dragon (shapeshifter) (D)
  2 iron dragons (D)
  10 frost giants (D)
  A balrug (D)
  Aizul (D)
  Louise (D)
  2 cacodemons (D)
  12 ghouls (D)
  2 spriggan defenders (D)
  14 stone giants (D)
  5 vampire knights (D)
  2 deep elf annihilators (D)
  Azrael (D)
  A dire elephant (D)
  8 ettins (D)
  2 fire dragons (D)
  2 mummy priests (D)
  2 death oozes (D)
  A fire dragon (shapeshifter) (D)
  2 naga warriors (D)
  Harold (D)
  11 vault guards (D)
  A hydra (shapeshifter) (D)
  6 hydras (D)
  3 hell beasts (D)
  3 spriggan air magi (D)
  An anaconda (shapeshifter) (D)
  5 anacondas (D)
  A queen ant (shapeshifter) (D)
  A two-headed ogre (shapeshifter) (D)
  A satyr (D)
  Sonja (D)
  6 hell hogs (D)
  5 spriggan berserkers (D)
  A deep elf knight (D)
  A vampire mage (D)
  8 soul eaters (D)
  A shock serpent (shapeshifter) (D)
  4 sixfirhies (D)
  A skeletal warrior (D)
  An iron troll (shapeshifter) (D)
  A swamp dragon (shapeshifter) (D)
  An unseen horror (shapeshifter) (D)
  5 death drakes (D)
  2 sea snakes (shapeshifter) (D)
  A deep troll (shapeshifter) (D)
  4 spriggan druids (D)
  A lindwurm (shapeshifter) (D)
  A harpy (shapeshifter) (D)
  3 shambling mangroves (D)
  2 deep elf magi (D)
  3 swamp dragons (D)
  A deep elf archer (D)
  7 necromancers (D)
  A wolf spider (D)
  A shining eye (shapeshifter) (D)
  A mana viper (shapeshifter) (D)
  2 ugly things (D)
  3 cyclopes (D)
  A toenail golem (D)
  A moth of wrath (shapeshifter) (D)
  An elephant (D)
  9 black mambas (D)
  A cyclops (shapeshifter) (D)
  4 guardian serpents (D)
  8 naga magi (D)
  2 eyes of devastation (D)
  A rust devil (D)
  A black mamba (shapeshifter) (D)
  2 smoke demons (D)
  An orange demon (D)
  4 spiny frogs (D)
  A torpor snail (shapeshifter) (D)
  3 water nymphs (shapeshifter) (D)
  2 eyes of devastation (shapeshifter) (D)
  2 spiny frogs (shapeshifter) (D)
  6 rime drakes (D)
  A rime drake (shapeshifter) (D)
  4 efreet (D)
  A komodo dragon (D)
  4 ice devils (D)
  3 yaktaurs (D)
  A dryad (D)
  2 guardian mummies (D)
  3 hellwings (D)
  A red devil (D)
  Grinder (D)
  A polar bear (shapeshifter) (D)
  A wind drake (D)
  A blink frog (shapeshifter) (D)
  A slime creature (shapeshifter) (D)
  5 hornets (D)
  A blink frog (D)
  Prince Ribbit (D)
  2 hippogriffs (shapeshifter) (D)
  3 dream sheep (shapeshifter) (D)
  4 hippogriffs (D)
  4 slime creatures (D)
  5 shadows (D)
  2 redbacks (shapeshifter) (D)
  2 ynoxinuls (D)
  4 redbacks (D)
  6 spriggans (D)
  2 water elementals (D)
  6 vampires (D)
  2 basilisks (shapeshifter) (D)
  4 fire elementals (D)
  A yak (shapeshifter) (D)
  8 wyverns (D)
  A hog (shapeshifter) (D)
  A golden eye (shapeshifter) (D)
  2 neqoxecs (D)
  6 steam dragons (D)
  6 yaks (D)
  5 basilisks (D)
  2 chaos spawn (D)
  Edmund (D)
  10 nagas (D)
  2 small abominations (D)
  2 floating eyes (shapeshifter) (D)
  6 acid dragons (D)
  5 porcupines (D)
  17 water moccasins (D)
  4 swamp drakes (D)
  A black bear (D)
  5 hell hounds (D)
  A sky beast (shapeshifter) (D)
  6 necrophages (D)
  4 wolves (D)
  A tengu (shapeshifter) (D)
  6 crocodiles (D)
  Blork the orc (D)
  4 bullfrogs (D)
  2 scorpions (D)
  Dowan (D)
  7 wights (D)
  2 crimson imps (D)
  A quasit (D)
  2 jellies (D)
  A jelly (shapeshifter) (D)
  Crazy Yiuf (D)
  2 iron imps (D)
  2 orc wizards (D)
  Terence (D)
  An iguana (D)
  A mummy (D)
  6 adders (D)
  A river rat (D)
  A shadow imp (D)
  A white imp (D)
  An ufetubus (D)
  2 oozes (D)
  6 adder zombies (D)
  2 adder skeletons (D)
  2 orcs (D)
  7 ball pythons (D)
  A bat skeleton (D)
  5 bat zombies (D)
  A leopard gecko skeleton (D)
  A leopard gecko zombie (D)
  A quokka skeleton (D)
  2 butterflies (D)
  6 fire vortices (D)
577 creatures vanquished.

Vanquished Creatures (others)
  Nikola (D)
  A large abomination (D)
2 creatures vanquished.

Grand Total: 579 creatures vanquished

Notes
Turn   | Place    | Note
-------+----------+-------------------------------------------
     0 | D        | Found the +6 Majin-Bo {vamp, Archmagi MP+6 Int+6}
     0 | D        | Found the +7 great mace "Firestarter" {inner flame, rF++}
     0 | D        | raistware the Formicid Fighter began the quest for the Orb.
     0 | D        | Reached XP level 1. HP: 18/18 MP: 1/1
    15 | D        | Found a blossoming altar of Fedhas.
    18 | D        | Found a viscous altar of Jiyva.
    18 | D        | Found a hazy altar of Hepliaklqana.
    18 | D        | Found a transporter.
    18 | D        | Found an opulent altar of Gozag.
    18 | D        | Found an ancient bone altar of Kikubaaqudgha.
    18 | D        | Found a corrupted altar of Lugonu.
    32 | D        | Found a burning altar of Makhleb.
    33 | D        | Found a sacrificial altar of Ru.
    33 | D        | Found a stormy altar of Qazlal.
    33 | D        | Found a deep blue altar of Sif Muna.
    33 | D        | Found an iron altar of Okawaru.
    33 | D        | Found a bloodstained altar of Trog.
    33 | D        | Found a sparkling altar of Nemelex Xobeh.
    39 | D        | Reached skill level 5 in Armour
    39 | D        | Reached XP level 2. HP: 24/24 MP: 2/2
    54 | D        | Found the +9 heavy crossbow "Sniper" {velocity, Acc+∞ SInv}
    54 | D        | Found the +10 dark maul {crush}
    54 | D        | Found the +15 Maxwell's patent armour {-Cast -Tele rElec MR+ rCorr}
    54 | D        | Found the +18 shield of the Gong {rElec rN+ MR+ EV-5}
    54 | D        | Found the cursed +14 obsidian axe {chop, +Fly SInv *Curse}
    66 | D        | Found the +6 shillelagh "Devastator" {shatter}
    66 | D        | Found the +11 plutonium sword {*Contam Stlth-}
    66 | D        | Found the +8 lance "Wyrmbane" {slay drac, rPois rF+ rC+ AC+3}
    66 | D        | Found the +9 sword of Zonguldrok {reap}
    66 | D        | Found the cursed +13 scythe of Curses {drain, *Curse}
    66 | D        | Found the +0 sword of Power
    66 | D        | Found the +4 mace of Variability {chaos}
    66 | D        | Found the +7 Singing Sword
    66 | D        | Found the +7 longbow "Piercer" {penet, EV-2}
    90 | D        | Became a worshipper of Qazlal Stormbringer
    99 | D        | Entered arena 2.
    99 | D        | Found a transporter.
   100 | D        | Reached XP level 3. HP: 29/29 MP: 3/3
   113 | D        | Entered arena 3.
   113 | D        | Noticed a cyan ugly thing
   113 | D        | Noticed a green ugly thing
   113 | D        | Noticed a tengu
   113 | D        | Found a transporter.
   130 | D        | Killed a cyan ugly thing
   130 | D        | Reached * piety under Qazlal
   130 | D        | Reached XP level 4. HP: 22/35 MP: 4/4
   130 | D        | Reached XP level 5. HP: 26/41 MP: 5/5
   130 | D        | Reached XP level 6. HP: 29/47 MP: 6/6
   130 | D        | Reached XP level 7. HP: 33/52 MP: 7/7
   140 | D        | Killed a green ugly thing
   140 | D        | Reached XP level 8. HP: 37/58 MP: 8/8
   248 | D        | Entered arena 4.
   248 | D        | Found a transporter.
   253 | D        | Reached ** piety under Qazlal
   277 | D        | Got the cursed ring of Forphoygu {rC+ Dex-3}
   281 | D        | Entered arena 5.
   281 | D        | Found a transporter.
   285 | D        | Reached *** piety under Qazlal
   306 | D        | Entered arena 6.
   306 | D        | Found a transporter.
   313 | D        | Reached **** piety under Qazlal
   335 | D        | Got Cerebov's Guide on Fire
   343 | D        | Entered arena 7.
   343 | D        | Noticed a redback
   343 | D        | Noticed a wolf spider
   343 | D        | Noticed a redback
   343 | D        | Noticed a redback
   353 | D        | Killed a redback
   353 | D        | Reached skill level 1 in Invocations
   353 | D        | Reached XP level 9. HP: 65/65 MP: 8/10
   362 | D        | Killed a wolf spider
   362 | D        | Reached ***** piety under Qazlal
   362 | D        | Reached skill level 5 in Fighting
   370 | D        | Reached skill level 5 in Invocations
   372 | D        | Found a transporter.
   394 | D        | Entered arena 8.
   394 | D        | Noticed a guardian mummy
   394 | D        | Noticed a guardian mummy
   394 | D        | Noticed a mummy priest
   394 | D        | Noticed a mummy priest
   395 | D        | Found a transporter.
   401 | D        | Noticed a red devil
   401 | D        | Noticed a soul eater
   406 | D        | Killed a mummy priest
   406 | D        | Reached XP level 10. HP: 31/75 MP: 2/14
   428 | D        | Noticed a shadow wraith
   429 | D        | Killed a mummy priest
   429 | D        | Reached skill level 15 in Polearms
   429 | D        | Reached skill level 10 in Armour
   429 | D        | Noticed a reaper
   490 | D        | Got the +3 pair of boots of Sloth {MP+9 Str-2 Int+3}
   578 | D        | Entered arena 9.
   594 | D        | Reached ****** piety under Qazlal
   610 | D        | Found a transporter.
   618 | D        | Got the ring "Wero" {rElec rN+ MR+}
   628 | D        | Entered arena 10.
   628 | D        | Noticed a spriggan rider
   629 | D        | Reached skill level 1 in Evocations
   642 | D        | Reached skill level 5 in Dodging
   655 | D        | Reached XP level 11. HP: 87/87 MP: 17/17
   671 | D        | Reached skill level 5 in Evocations
   681 | D        | Found a transporter.
   700 | D        | Entered arena 11.
   733 | D        | Found a transporter.
   742 | D        | Got the ring of the Endless Dances {Int+2 Stlth+}
   767 | D        | Entered arena 12.
   767 | D        | Noticed a death ooze
   768 | D        | Noticed a death ooze
   769 | D        | Found a transporter.
   770 | D        | Reached skill level 15 in Shields
   773 | D        | Killed a death ooze
   773 | D        | Reached skill level 10 in Invocations
   773 | D        | Reached skill level 10 in Evocations
   777 | D        | Killed a death ooze
   777 | D        | Reached skill level 10 in Fighting
   784 | D        | Got the Guide on Toxic Sinister Magic
   791 | D        | Got the +4 pair of boots of Zefuri {rC+ Int+3}
   804 | D        | Entered arena 13.
   804 | D        | Noticed an elephant
   805 | D        | Noticed a five-headed hydra
   832 | D        | Killed a five-headed hydra
   832 | D        | Reached XP level 12. HP: 98/98 MP: 19/21
   866 | D        | Found a transporter.
   874 | D        | Got the ring of Xom's Malicious Joy {rC+ MP+9}
   894 | D        | Entered arena 14.
   894 | D        | Noticed a six-headed hydra
   895 | D        | Noticed a six-headed hydra
   909 | D        | Killed a six-headed hydra
   918 | D        | Killed a six-headed hydra
   977 | D        | Found a transporter.
  1001 | D        | Entered arena 15.
  1001 | D        | Noticed a deep elf master archer
  1001 | D        | Noticed a deep elf master archer
  1002 | D        | Noticed a deep elf knight
  1002 | D        | Noticed a deep elf blademaster
  1002 | D        | Noticed a deep elf blademaster
  1003 | D        | Noticed a deep elf blademaster
  1005 | D        | Noticed a deep elf annihilator
  1006 | D        | Killed a deep elf knight
  1006 | D        | Killed a deep elf master archer
  1006 | D        | Killed a deep elf annihilator
  1007 | D        | Reached XP level 13. HP: 77/108 MP: 14/23
  1008 | D        | Killed a deep elf blademaster
  1008 | D        | Killed a deep elf master archer
  1008 | D        | Reached skill level 15 in Invocations
  1008 | D        | Killed a deep elf annihilator
  1008 | D        | Reached skill level 10 in Dodging
  1015 | D        | Killed a deep elf blademaster
  1020 | D        | Killed a deep elf blademaster
  1032 | D        | Found a transporter.
  1033 | D        | Got a ring of the Octopus King {rF+ AC+1 EV+1 Str+1 Int+1 Dex+1}
  1044 | D        | Got the amulet of Departure {RegenMP rF++ rN+ MR-}
  1049 | D        | Got the ring "Effiof" {Dex+3 Stlth-}
  1049 | D        | Got the ring of Brilliance {rF+ MP+9 Str+4 Dex+4}
  1141 | D        | Entered arena 16.
  1142 | D        | Noticed an anaconda
  1142 | D        | Noticed a dire elephant
  1146 | D        | Noticed an anaconda
  1146 | D        | Noticed a spriggan air mage
  1152 | D        | Noticed a five-headed hydra
  1153 | D        | Killed a spriggan air mage
  1153 | D        | Killed an anaconda
  1153 | D        | Reached skill level 15 in Armour
  1153 | D        | Killed an anaconda
  1153 | D        | Reached XP level 14. HP: 117/121 MP: 26/26
  1169 | D        | Killed a dire elephant
  1169 | D        | Reached skill level 15 in Fighting
  1200 | D        | Got the amulet "Tuid Rae" {rPois Regen+ Int+7 Slay-4 Stlth+}
  1202 | D        | Found a transporter.
  1236 | D        | Entered arena 17.
  1246 | D        | Noticed a spriggan defender
  1247 | D        | Noticed a spriggan defender
  1248 | D        | Noticed a thorn hunter
  1250 | D        | Killed a spriggan defender
  1250 | D        | Killed a spriggan defender
  1251 | D        | Killed a thorn hunter
  1273 | D        | Got the ring of Orierily {rN+ Str+3 SInv}
  1290 | D        | Found a transporter.
  1376 | D        | Entered arena 18.
  1379 | D        | Noticed a shadow dragon
  1380 | D        | Noticed a stone giant
  1381 | D        | Noticed a lich
  1390 | D        | Noticed a stone giant
  1393 | D        | Killed a stone giant
  1393 | D        | Killed a stone giant
  1393 | D        | Killed a lich
  1393 | D        | Reached XP level 15. HP: 111/136 MP: 27/29
  1408 | D        | Killed a shadow dragon
  1460 | D        | Found the +0 mask of the Dragon {MR+ Slay+3 SInv}
  1467 | D        | Found a transporter.
  1496 | D        | Got the Collected Works on Icy Augmentations
  1520 | D        | Entered arena 19.
  1600 | D        | Found a transporter.
  1606 | D        | Got Cigotuvi's Catalogue of Shifting Dark Rituals
  1610 | D        | Got the ring of Nunn {rF+ EV+4 Str+4}
  1628 | D        | Got the amulet of Ybricre {Reflect MR+ SH+3}
  1635 | D        | Entered arena 20.
  1641 | D        | Noticed Aizul
  1642 | D        | Noticed Grinder
  1642 | D        | Noticed Crazy Yiuf
  1642 | D        | Noticed Dowan
  1642 | D        | Noticed Gastronok
  1642 | D        | Noticed Nikola
  1643 | D        | Noticed Sonja
  1643 | D        | Noticed Prince Ribbit
  1643 | D        | Noticed Harold
  1643 | D        | Noticed Blork the orc
  1643 | D        | Noticed Agnes
  1643 | D        | Noticed Edmund
  1643 | D        | Noticed Terence
  1643 | D        | Noticed Louise
  1644 | D        | Noticed Frances
  1644 | D        | Noticed Azrael
  1645 | D        | Killed Edmund
  1645 | D        | Killed Dowan
  1645 | D        | Killed Sonja
  1645 | D        | Killed Terence
  1645 | D        | Killed Blork the orc
  1645 | D        | Killed Prince Ribbit
  1645 | D        | Killed Gastronok
  1649 | D        | Killed Nikola
  1652 | D        | Killed Agnes
  1661 | D        | Killed Grinder
  1662 | D        | Killed Aizul
  1668 | D        | Killed Crazy Yiuf
  1671 | D        | Killed Azrael
  1683 | D        | Killed Frances
  1684 | D        | Killed Harold
  1685 | D        | Found a transporter.
  1695 | D        | Killed Louise
  1725 | D        | Gained mutation: Armour fits poorly on your strangely shaped body. [potion of mutation]
  1725 | D        | Gained mutation: Your mind is acute. (Int +2) [potion of mutation]
  1747 | D        | Got Sif Muna's Reference Book on Conjuration and the Frostbite
  1762 | D        | Entered arena 21.
  1773 | D        | Noticed a juggernaut
  1778 | D        | Noticed an emperor scorpion
  1782 | D        | Reached XP level 16. HP: 150/150 MP: 31/31
  1786 | D        | Noticed a caustic shrike
  1787 | D        | Noticed a shard shrike
  1788 | D        | Noticed a golden dragon
  1788 | D        | a shard shrike changed into a golden dragon
  1795 | D        | Noticed a fire giant
  1796 | D        | Noticed an iron giant
  1796 | D        | a caustic shrike changed into an iron giant
  1796 | D        | Noticed a juggernaut
  1797 | D        | Noticed a shard shrike
  1798 | D        | a fire giant changed into an alligator snapping turtle
  1798 | D        | Noticed a shadow dragon
  1798 | D        | an iron giant changed into a shadow dragon
  1798 | D        | Noticed a titan
  1798 | D        | a shard shrike changed into a titan
  1799 | D        | Noticed a shard shrike
  1799 | D        | a juggernaut changed into a shard shrike
  1803 | D        | Noticed a juggernaut
  1803 | D        | a shard shrike changed into a juggernaut
  1805 | D        | Noticed a golden dragon
  1805 | D        | a shadow dragon changed into a golden dragon
  1805 | D        | Noticed a juggernaut
  1805 | D        | a titan changed into a juggernaut
  1807 | D        | Noticed a titan
  1807 | D        | a juggernaut changed into a titan
  1809 | D        | Noticed a shadow dragon
  1809 | D        | a golden dragon changed into a shadow dragon
  1813 | D        | Noticed a titan
  1813 | D        | a juggernaut changed into a titan
  1813 | D        | Noticed a shard shrike
  1813 | D        | a titan changed into a shard shrike
  1814 | D        | Noticed an azure jelly
  1815 | D        | an azure jelly changed into an alligator snapping turtle
  1817 | D        | Noticed an iron dragon
  1817 | D        | a shadow dragon changed into an iron dragon
  1817 | D        | Noticed a golden dragon
  1817 | D        | a shard shrike changed into a golden dragon
  1819 | D        | Noticed an acid blob
  1819 | D        | a titan changed into an acid blob
  1821 | D        | Noticed an iron giant
  1821 | D        | an acid blob changed into an iron giant
  1821 | D        | Noticed a titan
  1821 | D        | a golden dragon changed into a titan
  1821 | D        | Noticed a quicksilver dragon
  1821 | D        | an alligator snapping turtle changed into a quicksilver dragon
  1824 | D        | Noticed a juggernaut
  1824 | D        | a titan changed into a juggernaut
  1826 | D        | Noticed an acid blob
  1826 | D        | an iron giant changed into an acid blob
  1826 | D        | Noticed a sphinx
  1826 | D        | a quicksilver dragon changed into a sphinx
  1828 | D        | Noticed an iron dragon
  1828 | D        | an acid blob changed into an iron dragon
  1828 | D        | Noticed a caustic shrike
  1828 | D        | an iron dragon changed into a caustic shrike
  1828 | D        | Noticed an azure jelly
  1828 | D        | a sphinx changed into an azure jelly
  1830 | D        | Noticed an acid blob
  1830 | D        | an iron dragon changed into an acid blob
  1830 | D        | Noticed a shard shrike
  1830 | D        | a juggernaut changed into a shard shrike
  1830 | D        | Noticed a storm dragon
  1830 | D        | an azure jelly changed into a storm dragon
  1831 | D        | Killed a caustic shrike
  1831 | D        | Reached skill level 15 in Dodging
  1834 | D        | a storm dragon changed into an emperor scorpion
  1839 | D        | Killed an acid blob
  1840 | D        | Noticed a juggernaut
  1840 | D        | a shard shrike changed into a juggernaut
  1846 | D        | Noticed a golden dragon
  1846 | D        | a juggernaut changed into a golden dragon
  1850 | D        | Noticed an iron giant
  1850 | D        | a golden dragon changed into an iron giant
  1854 | D        | Noticed a storm dragon
  1854 | D        | an emperor scorpion changed into a storm dragon
  1856 | D        | a storm dragon changed into a minotaur
  1858 | D        | Noticed an acid blob
  1858 | D        | an iron giant changed into an acid blob
  1861 | D        | Noticed a golden dragon
  1861 | D        | an acid blob changed into a golden dragon
  1868 | D        | Killed a golden dragon
  1870 | D        | Noticed an acid blob
  1870 | D        | an iron troll changed into an acid blob
  1872 | D        | Noticed a fire giant
  1872 | D        | an acid blob changed into a fire giant
  1880 | D        | Noticed a shadow dragon
  1880 | D        | a fire giant changed into a shadow dragon
  1886 | D        | Noticed a caustic shrike
  1886 | D        | a shadow dragon changed into a caustic shrike
  1888 | D        | Noticed an acid blob
  1888 | D        | a caustic shrike changed into an acid blob
  1900 | D        | Noticed a shadow dragon
  1900 | D        | an acid blob changed into a shadow dragon
  1906 | D        | Noticed an iron dragon
  1906 | D        | a shadow dragon changed into an iron dragon
  1924 | D        | Killed an iron dragon
  1940 | D        | Found the +6 lightning scales {run, rElec}
  1940 | D        | Found a transporter.
  1955 | D        | Got Easy Witchcraft
  2031 | D        | Entered arena 22.
  2039 | D        | Noticed an orb of fire
  2039 | D        | Noticed an orb of fire
  2041 | D        | Noticed an orb of fire
  2044 | D        | Killed an orb of fire
  2045 | D        | Killed an orb of fire
  2045 | D        | Reached XP level 17. HP: 101/165 MP: 25/34
  2045 | D        | Killed an orb of fire
  2045 | D        | Reached skill level 27 in Invocations
  2048 | D        | Found the +3 Elemental Staff {rElec rF++ rC++ MR++ AC+5}
  2051 | D        | Found a transporter.
  2136 | D        | Entered arena 23.
  2144 | D        | Noticed a shadow dragon
  2145 | D        | Noticed a shadow dragon
  2145 | D        | Noticed a shadow dragon
  2148 | D        | Killed a shadow dragon
  2148 | D        | Killed a shadow dragon
  2148 | D        | Killed a shadow dragon
  2148 | D        | Killed a shadow dragon
  2148 | D        | Killed a shadow dragon
  2150 | D        | Noticed a shadow dragon
  2160 | D        | Killed a shadow dragon
  2203 | D        | Found the +9 staff of Wucad Mu {channel}
  2204 | D        | Found a transporter.
  2228 | D        | Got the Almanac of the Oath and Feathers
  2238 | D        | Got the ring "Xocifukh" {rN+ MP+9 Dex+5}
  2254 | D        | Entered arena 24.
  2258 | D        | Noticed a shard shrike
  2258 | D        | Noticed a shard shrike
  2259 | D        | Noticed a titan
  2259 | D        | Noticed a caustic shrike
  2259 | D        | a titan changed into a caustic shrike
  2259 | D        | Noticed a shard shrike
  2259 | D        | Noticed a titan
  2260 | D        | Noticed a shard shrike
  2260 | D        | Noticed a titan
  2260 | D        | a shard shrike changed into a titan
  2260 | D        | Noticed an acid blob
  2260 | D        | a titan changed into an acid blob
  2261 | D        | Killed a shard shrike
  2261 | D        | Reached skill level 27 in Fighting
  2261 | D        | Killed an acid blob
  2261 | D        | Killed a titan
  2261 | D        | Reached XP level 18. HP: 182/182 MP: 35/35
  2261 | D        | Noticed a juggernaut
  2261 | D        | a shard shrike changed into a juggernaut
  2261 | D        | Noticed a titan
  2262 | D        | Reached skill level 15 in Evocations
  2263 | D        | Noticed an acid blob
  2263 | D        | a caustic shrike changed into an acid blob
  2263 | D        | Noticed a caustic shrike
  2263 | D        | a shard shrike changed into a caustic shrike
  2263 | D        | Noticed a shard shrike
  2263 | D        | a juggernaut changed into a shard shrike
  2263 | D        | Noticed a juggernaut
  2263 | D        | Noticed an iron giant
  2265 | D        | Noticed a shard shrike
  2265 | D        | a titan changed into a shard shrike
  2265 | D        | an acid blob changed into a sphinx
  2265 | D        | a caustic shrike changed into a shadow dragon
  2266 | D        | Killed a shard shrike
  2268 | D        | Noticed a titan
  2268 | D        | a shard shrike changed into a titan
  2268 | D        | Noticed a juggernaut
  2270 | D        | Noticed a quicksilver dragon
  2270 | D        | a sphinx changed into a quicksilver dragon
  2272 | D        | Noticed a shard shrike
  2272 | D        | a titan changed into a shard shrike
  2274 | D        | Noticed a golden dragon
  2274 | D        | a juggernaut changed into a golden dragon
  2276 | D        | Killed a quicksilver dragon
  2277 | D        | Noticed a caustic shrike
  2278 | D        | Noticed an iron giant
  2280 | D        | an iron giant changed into a shadow dragon
  2280 | D        | Noticed a titan
  2280 | D        | a shard shrike changed into a titan
  2284 | D        | Killed a juggernaut
  2284 | D        | Noticed a caustic shrike
  2284 | D        | a shadow dragon changed into a caustic shrike
  2288 | D        | a golden dragon changed into a sphinx
  2288 | D        | Noticed a juggernaut
  2288 | D        | a titan changed into a juggernaut
  2292 | D        | Noticed an acid blob
  2292 | D        | a caustic shrike changed into an acid blob
  2296 | D        | Noticed a golden dragon
  2296 | D        | a caustic shrike changed into a golden dragon
  2296 | D        | Noticed an acid blob
  2296 | D        | an iron giant changed into an acid blob
  2296 | D        | a juggernaut changed into an iron dragon
  2298 | D        | Noticed a golden dragon
  2298 | D        | an acid blob changed into a golden dragon
  2302 | D        | Noticed a golden dragon
  2302 | D        | an acid blob changed into a golden dragon
  2303 | D        | Killed a golden dragon
  2304 | D        | a golden dragon changed into a shadow dragon
  2311 | D        | a golden dragon changed into an alligator snapping turtle
  2317 | D        | Noticed a golden dragon
  2317 | D        | an iron dragon changed into a golden dragon
  2329 | D        | Noticed an acid blob
  2329 | D        | a golden dragon changed into an acid blob
  2330 | D        | Noticed an iron giant
  2330 | D        | a shadow dragon changed into an iron giant
  2330 | D        | Noticed a caustic shrike
  2330 | D        | an acid blob changed into a caustic shrike
  2337 | D        | Killed a caustic shrike
  2342 | D        | Noticed an acid blob
  2342 | D        | an iron giant changed into an acid blob
  2346 | D        | Noticed a juggernaut
  2346 | D        | an acid blob changed into a juggernaut
  2348 | D        | Noticed a caustic shrike
  2348 | D        | a sphinx changed into a caustic shrike
  2358 | D        | Killed a caustic shrike
  2358 | D        | Noticed a titan
  2358 | D        | a juggernaut changed into a titan
  2362 | D        | Noticed a caustic shrike
  2362 | D        | a titan changed into a caustic shrike
  2372 | D        | Killed a caustic shrike
  2378 | D        | Found the amulet of the Four Winds {rN+ MR+++ Clar}
  2378 | D        | Found a transporter.
  2390 | D        | Got the Guide on Dusty Transmigration
  2392 | D        | Got the Incunabulum of Twisted Moulding
  2411 | D        | Got Sif Muna's Papyrus of the Shifting Frostbite
  2483 | D        | Entered arena 25.
  2488 | D        | Noticed a quicksilver dragon
  2489 | D        | Noticed a quicksilver dragon
  2489 | D        | Noticed a golden dragon
  2490 | D        | Noticed a quicksilver dragon
  2490 | D        | Noticed a golden dragon
  2490 | D        | Noticed a golden dragon
  2491 | D        | Noticed a quicksilver dragon
  2491 | D        | Noticed a golden dragon
  2492 | D        | Noticed a quicksilver dragon
  2493 | D        | Found the +7 lajatang of Order {silver, rMut}
  2493 | D        | Reached skill level 1 in Axes
  2493 | D        | Killed a golden dragon
  2493 | D        | Killed a golden dragon
  2493 | D        | Reached XP level 19. HP: 189/189 MP: 36/36
  2493 | D        | Reached skill level 10 in Axes
  2500 | D        | Killed a golden dragon
  2523 | D        | Killed a golden dragon
  2523 | D        | Reached skill level 27 in Armour
  2546 | D        | Found the cursed -5 robe of Misfortune {-Cast *Contam *Tele *Drain EV-5 Stlth-- *Curse}
  2548 | D        | Found a transporter.
  2555 | D        | Got the ring of the City {rCorr rPois}
  2586 | D        | Got the ring of Wonder {rC+ MR+ SInv}
  2594 | D        | Got the ring "Loloaq" {rPois rN+ AC+5 Str+4 Stlth-}
  2620 | D        | Got the ring of Rateimm {Ice Slay+3}
  2639 | D        | Entered arena 26.
  2651 | D        | Reached skill level 1 in Spellcasting
  2658 | D        | Noticed a lich
  2677 | D        | Noticed an ancient lich
  2680 | D        | Killed an ancient lich
  2680 | D        | Reached skill level 5 in Spellcasting
  2680 | D        | Killed a lich
  2680 | D        | Killed a lich
  2686 | D        | Got the ring of Nobility {Str+8 SInv Stlth+}
  2708 | D        | Reached XP level 20. HP: 197/197 MP: 33/37
  2734 | D        | Lost mutation: Armour fits poorly on your strangely shaped body. [potion of mutation]
  2734 | D        | Lost mutation: Your mind is acute. (Int +2) [potion of mutation]
  2734 | D        | Gained mutation: You are agile. (Dex +2) [potion of mutation]
  2734 | D        | Gained mutation: You expend magic power (3 MP) to strengthen your wands. [potion of mutation]
  2755 | D        | Found the +3 warlock's mirror {reflect}
  2758 | D        | Found a transporter.
  2799 | D        | Entered arena 27.
  2810 | D        | Found the amulet of Vitality {Regen+ HP+15}
  2811 | D        | Reached skill level 1 in Bows
  2811 | D        | Reached skill level 10 in Spellcasting
  2811 | D        | Reached skill level 5 in Bows
  2829 | D        | Found a transporter.
  2855 | D        | Got the ring "Kydghe" {*Corrode AC+1 Dex+7}
  2925 | D        | Entered arena 28.
  2945 | D        | Reached skill level 10 in Bows
  2945 | D        | Reached skill level 15 in Spellcasting
  2945 | D        | Reached XP level 21. HP: 195/204 MP: 37/40
  2971 | D        | Reached skill level 27 in Evocations
  2971 | D        | Reached skill level 27 in Dodging
  2983 | D        | Found a transporter.
  3052 | D        | Learned a level 3 spell: Regeneration
  3118 | D        | Got the Orb of Zot
  3280 | D        | Reached skill level 1 in Crossbows
  3280 | D        | Reached skill level 1 in Throwing
  3313 | D        | Reached skill level 1 in Unarmed Combat
  3313 | D        | Reached skill level 1 in Charms
  3313 | D        | Reached skill level 1 in Necromancy
  3580 | D        | Noticed Rawk the pandemonium lord
  3580 | D        | Killed Rawk the pandemonium lord
  3580 | D        | Reached skill level 5 in Crossbows
  3785 | D        | Reached skill level 5 in Throwing
  3785 | D        | Reached skill level 5 in Unarmed Combat
  3785 | D        | Reached skill level 5 in Charms
  3785 | D        | Reached skill level 5 in Necromancy
  4048 | D        | Learned a level 9 spell: Shatter
  4456 | D        | Noticed Piosk the pandemonium lord
  4456 | D        | Reached skill level 1 in Earth Magic
  4457 | D        | Killed Piosk the pandemonium lord
  4471 | D        | Reached skill level 10 in Crossbows
  5182 | D        | Reached XP level 22. HP: 212/212 MP: 49/49
  5347 | D        | Reached skill level 10 in Earth Magic
  5805 | D        | Noticed Opry the pandemonium lord
  5806 | D        | Killed Opry the pandemonium lord
  5806 | D        | Reached skill level 15 in Earth Magic
  7141 | D        | Gained mutation: You are weak. (Str -2) [a cacodemon]
  7602 | D        | Escaped with the Orb!

Vault maps used:
D:        sprint_v

Skill      XL: |  1  2  3  4  5  6  7  8  9 10 11 12 13 14 15 16 17 18 19 20 21 22 |
---------------+-------------------------------------------------------------------+-----
Polearms       | 6 7 11 13 14 15 16 17 18 22 25 | 25.1
Armour         | 5 7 9 10 12 13 15 17 18 20 23 26 27 | 27.0
Shields        | 4 9 11 12 13 14 15 16 | 16.6
Invocations    | 1 6 8 10 14 17 20 23 26 27 | 27.0
Fighting       | 6 8 10 12 14 18 20 23 27 | 27.0
Dodging        | 2 5 7 9 11 13 14 16 19 22 23 25 27 | 27.0
Evocations     | 4 12 13 14 20 23 25 27 | 27.0
Axes           | 8 13 | 13.7
Spellcasting   | 9 15 23 | 23.6
Bows           | 13 14 | 14.0
Crossbows      | 10 | 10.9
Throwing       | 5 |  5.7
Unarmed Combat | 5 |  5.6
Charms         | 6 |  6.8
Necromancy     | 6 |  6.9
Earth Magic    | 8 20 | 20.9

Action                   |  1- 3 |  4- 6 |  7- 9 | 10-12 | 13-15 | 16-18 | 19-21 | 22-24 || total
-------------------------+-------+-------+-------+-------+-------+-------+-------+-------++-------
Melee: Lance             |    17 |       |    83 |   267 |   231 |   301 |   260 |   126 ||  1285
 Cast: Shatter           |       |       |       |       |       |       |       |     2 ||     2
Invok: Disaster Area     |       |       |     1 |     2 |    10 |     7 |     8 |     3 ||    31
       Upheaval          |       |       |     1 |       |     1 |     3 |     1 |       ||     6
       Elemental Force   |       |       |       |       |       |       |       |     1 ||     1
 Abil: Dig               |       |       |       |       |       |       |       |     5 ||     5
Evoke: Lightning rod     |       |       |     1 |       |       |       |       |       ||     1
  Use: Potion            |     1 |       |     1 |     4 |     7 |     1 |     2 |     1 ||    17
       Scroll            |       |       |       |     1 |     6 |     1 |     1 |       ||     9
 Stab: Confused          |       |       |       |     2 |       |       |       |       ||     2
  Eat: Chunk             |       |       |       |     1 |     1 |     2 |     1 |       ||     5
       Ration            |       |       |       |       |       |     1 |     2 |     3 ||     6
Armor: Gold dragon scale |     7 |       |    16 |    28 |    34 |    74 |    72 |     1 ||   232
Dodge: Dodged            |     2 |       |       |    10 |    20 |    56 |    80 |     6 ||   174
       Deflected         |       |       |       |       |     1 |     4 |    11 |       ||    16
Block: Shield            |    29 |       |    98 |   246 |   270 |   363 |   344 |    69 ||  1419

Table legend:
 A = Spawn XP
 B = Non-spawn XP
 C = Spawn XP percentage of total XP
 D = Spawn monster count
 E = Non-spawn monster count
 F = Spawn count percentage of total count
 G = Total turns spent on level
                    A         B        C        D         E        F      G
               +---------+---------+-------+---------+---------+-------+---------
         Total |       0 |  470722 |   0.0 |       0 |     519 |   0.0 |  7602
               +---------+---------+-------+---------+---------+-------+---------
             D |       0 |  470722 |   0.0 |       0 |     519 |   0.0 |  7602
               +---------+---------+-------+---------+---------+-------+---------
